 Dungeon Crawl Stone Soup version 0.20-a0-876-g2c7b0bf (webtiles) character file.

419429 4thArraOfDagon the Bludgeoner (level 23, -2/222 (224) HPs)
             Began as a Naga Berserker on Mar 15, 2017.
             Was a High Priest of Cheibriados.
             Slain by an ettin
             ... wielding a cursed -2 dire flail
              (32 damage)
             ... on level 1 of the Depths.
             The game lasted 02:09:33 (22686 turns).

4thArraOfDagon the Bludgeoner (Naga Berserker)     Turns: 22686, Time: 02:09:34

HP:   -2/222 (224)  AC: 28    Str: 55    XL:     23   Next: 33%
MP:   25/25         EV: 20    Int: 24    God:    Cheibriados [*****.]
Gold: 1995          SH: 11    Dex: 31    Spells: 13/25 levels left

rFire    + . .     SeeInvis +   Y - +10 morningstar "Eos" {elec, Halo rElec}
rCold    . . .     Gourm    .   T - +1 robe "Qoaruor" {+Fly rN++ Regen+ Int-3}
rNeg     + + +     Faith    +   x - +1 buckler "Earthly Heaven" {rElec Str+2 Slay+3}
rPois    +         Spirit   .   o - +0 helmet {Int+3}
rElec    +         Reflect  .   s - scarf "Ezxeo" {rF+ rCorr}
rCorr    +         Harm     .   V - +2 pair of gloves {Str+3}
MR       +....                  L - +4 naga barding
Stlth    +.........             U - amulet of faith
Regen    0.9/turn               Z - ring of the Ageless Shrikes {rN+ MR- Str+4 Dex+4}
MPRegen  0.2/turn               n - +4 ring of strength

@: glowing, very slow
A: rugged brown scales 1, see invisible, agile 1, clever 1, deformed body, low
mp 1, poison resistance, slowness 2, slow metabolism 1, spit poison 1, strong 1,
constrict 1, AC +7
}: 3/15 runes: barnacled, silver, gossamer
a: Spit Poison, Bend Time, Temporal Distortion, Slouch, Step From Time, Renounce
Religion, Evoke Flight


You were on level 1 of the Depths.
You worshipped Cheibriados.
Cheibriados was extremely pleased with you.
You were completely stuffed.

You visited 10 branches of the dungeon, and saw 44 of its levels.
You visited 1 bazaar.
You also visited: Wizlab.

You collected 4450 gold pieces.
You spent 2455 gold pieces at shops.

Inventory:

Hand Weapons
 W - the +5 demon whip "Spellbinder" {antimagic, MR+}
   (You found it on level 3 of the Elven Halls)

   It reduces the magical energy of the wielder, and disrupts the spells and
   magical abilities of those hit.
   Natural abilities and divine invocations are not affected.
   It affects your resistance to hostile enchantments.
 Y - the +10 morningstar "Eos" (weapon) {elec, Halo rElec}
   (You found it on level 13 of the Dungeon)

   Occasionally, upon striking a foe, it will discharge some electrical energy
   and cause terrible harm.
   It insulates you from electricity.
Missiles
 d - 5 throwing nets (quivered)
Armour
 m - the +1 cloak "Dokou" {rN+ MR+ rCorr Dex-2}
   (You bought it in a shop on level 3 of the Vaults)

   It affects your dexterity (-2).
   It protects you from negative energy.
   It affects your resistance to hostile enchantments.
   It protects you from acid and corrosion.
 o - a +0 helmet of intelligence (worn)
 s - the scarf "Ezxeo" (worn) {rF+ rCorr}
   (You bought it in a shop on level 2 of the Orcish Mines)

   It protects you from fire.
   It protects you from acid and corrosion.
 x - the +1 buckler "Earthly Heaven" (worn) {rElec Str+2 Slay+3}
   (You bought it in a shop on level 1 of the Shoals)

   It affects your strength (+2).
   It affects your accuracy and damage with ranged weapons and melee attacks
   (+3).
   It insulates you from electricity.
 L - a +4 naga barding (worn)
 T - the +1 robe "Qoaruor" (worn) {+Fly rN++ Regen+ Int-3}
   (You found it on level 13 of the Dungeon)

   It affects your intelligence (-3).
   It greatly protects you from negative energy.
   It lets you fly.
   It increases your rate of regeneration.
 V - a +2 pair of gloves of strength (worn)
Jewellery
 n - a +4 ring of strength (left hand)
 E - an uncursed ring of protection from magic
 J - an uncursed ring of resist corrosion
 M - an uncursed ring of positive energy
 N - an uncursed ring of fire
 U - an amulet of faith (around neck)
 Z - the ring of the Ageless Shrikes (right hand) {rN+ MR- Str+4 Dex+4}
   (You found it on level 4 of the Shoals)

   [ring of positive energy]

   It affects your strength (+4).
   It affects your dexterity (+4).
   It protects you from negative energy.
   It affects your resistance to hostile enchantments.
Wands
 a - a wand of digging (6/24)
 b - a wand of digging (12/24)
 P - a wand of clouds (3/9)
Scrolls
 f - 2 scrolls of teleportation
 g - 3 scrolls of fear
 h - 19 scrolls of remove curse
 i - 2 scrolls of blinking
 k - 3 scrolls of magic mapping
 p - 2 scrolls of recharging
 v - a scroll of immolation
 C - a scroll of fog
 F - 2 scrolls of silence
 O - 4 scrolls of identify
Potions
 e - 9 potions of curing
 q - 3 potions of brilliance
 u - a potion of berserk rage
 w - 4 potions of cancellation
 z - 2 potions of resistance
 A - 4 potions of magic
 B - 10 potions of flight
 D - 6 potions of heal wounds
 H - 3 potions of might
 Q - 6 potions of ambrosia
 S - 7 potions of agility
Books
 j - a book of Spatial Translocations

   Spells                             Type                      Level
   a - Blink                          Translocation                2
   b - Shroud of Golubria             Charms/Translocation         2
   c - Lesser Beckoning               Translocation                3
   d - Gell's Gravitas                Translocation                3
   e - Teleport Other                 Translocation                3
   f - Passage of Golubria            Translocation                4
 l - a book of Minor Magic

   Spells                             Type                      Level
   a - Magic Dart                     Conjuration                  1
   b - Blink                          Translocation                2
   c - Call Imp                       Summoning                    2
   d - Slow                           Hexes                        2
   e - Conjure Flame                  Conjuration/Fire             3
   f - Mephitic Cloud                 Conjuration/Poison/Air       3
 t - a book of Spatial Translocations

   Spells                             Type                      Level
   a - Blink                          Translocation                2
   b - Shroud of Golubria             Charms/Translocation         2
   c - Lesser Beckoning               Translocation                3
   d - Gell's Gravitas                Translocation                3
   e - Teleport Other                 Translocation                3
   f - Passage of Golubria            Translocation                4
 R - a book of the Earth

   Spells                             Type                      Level
   a - Leda's Liquefaction            Hexes/Earth                  4
   b - Bolt of Magma                  Conjuration/Fire/Earth       5
   c - Statue Form                    Transmutation/Earth          6
   d - Iron Shot                      Conjuration/Earth            6
   e - Shatter                        Earth                        9
Miscellaneous
 r - a phantom mirror
 y - a lightning rod (4/4)
 G - a lamp of fire
 I - a fan of gales
 X - a phial of floods (inert)
Comestibles
 c - 22 bread rations
 K - 3 royal jellies


   Skills:
 - Level 15.4 Fighting
   Level 5.0(16.2) Axes
 - Level 19.8(20.0) Maces & Flails
   Level 13.7(14.0) Polearms
 - Level 15.0 Armour
 - Level 11.0 Dodging
 - Level 15.0 Shields
 + Level 1.5 Spellcasting
 * Level 2.0 Translocations
 * Level 1.7 Transmutations
 * Level 3.0 Earth Magic
 * Level 7.0 Invocations


You had 13 spell levels left.
You knew the following spells:

 Your Spells              Type           Power        Failure   Level  Hunger
a - Blink                 Tloc           N/A          12%         2    ###....
b - Passage of Golubria   Tloc           N/A          67%         4    #####..
c - Statue Form           Tmut/Erth      ##.......    100%        6    #######


Dungeon Overview and Level Annotations

Branches:
Dungeon (15/15)            Temple (1/1) D:7            Lair (6/6) D:9
 Shoals (4/4) Lair:3       Spider (4/4) Lair:2        Slime (0/5) Lair:6
    Orc (2/2) D:12            Elf (3/3) Orc:2        Vaults (5/5) D:13
  Crypt (3/3) Vaults:3     Depths (1/5) D:15
   Tomb: Crypt:3

Altars:
Ashenzari
Cheibriados
Dithmenos
Elyvilon
Fedhas
Hepliaklqana
Kikubaaqudgha
Makhleb
Nemelex Xobeh
Okawaru
Qazlal
Ru
Trog
Uskayaw
Vehumet
Wu Jian
Xom
Yredelemnul
Zin
The Shining One
Beogh
Jiyva

Shops:
D:11 *   D:13 !   Orc:1 %   Orc:2 =([%   Shoals:1 *   Vaults:3 [   Vaults:4 ?

Portals:
Trove: D:13 (give +6 demon whip)

Annotations:
D:4 Yehuk's ghost, novice HaAs
Orc:1 Erolcha
Elf:2 3 runed doors
Crypt:3 Nico3ck's ghost, legendary FoFi


Innate Abilities, Weirdness & Mutations

You cannot wear boots.
Your serpentine skin is tough. (AC +7)
You have supernaturally acute eyesight. (SInv)
Armour fits poorly on your strangely shaped body.
Your system is resistant to poisons. (rPois)
You cover ground very slowly.
You have a slow metabolism.
You can spit poison.
You can use your snake-like lower body to constrict enemies.
You are partially covered in rugged brown scales. (AC +1, +3% HP)
You are agile. (Dex +2)
Your mind is acute. (Int +2)
Your magical capacity is low. (-10% MP)
Your muscles are strong. (Str +2)


Message History

The stone giant is almost dead.
The glowing orange brain pulsates.
You resist with almost no effort. The rakshasa barely misses you.
Unknown command.
You thump the stone giant!
The stone giant is almost dead.
The stone giant hits you!!
Unknown command.
You stick the stone giant like a pincushion!!!
You kill the stone giant!
Cheibriados thoroughly appreciates the change of pace.
Your Earth Magic skill increases to level 3!
The rakshasa hits you from afar with a trident!
Unknown command.
You hammer the ettin like a gong!!! Lightning courses through the ettin!
The ettin is almost dead.
The glowing orange brain blinks!
The ettin hits you with a dire flail!!!
* * * LOW HITPOINT WARNING * * *
The ettin hits you with a dire flail!!
You die...

.........
........# .. ##
.......(##
!####.#
....#..(.###
...#.## .
#....<.##
≈.....#
#.(..(C.#
§≈.....
#.....C##
R.....#
#..##.#Q###....#
### ####.#@#
##C## ###


You could see an ettin and a rakshasa.

Vanquished Creatures
  Khufu (Crypt:2)
  Mara (Shoals:4)
  Sojobo (Crypt:2)
  Bai Suzhen (Vaults:4)
  A caustic shrike (shapeshifter) (Vaults:5)
  Arachne (Spider:3)
  Jorgrun (Spider:3)
  Rupert (Lair:4)
  2 tentacled monstrosities (Vaults:5)
  2 deep elf blademasters (Elf:3)
  2 liches
  2 deep elf master archers (Elf:3)
  A quicksilver dragon (Vaults:5)
  Polyphemus (Shoals:4)
  7 titans
  4 sphinxes
  6 shadow dragons (Vaults:5)
  Frances (D:14)
  Roxanne (Shoals:2)
  6 tengu reavers
  Ilsuiw (Shoals:4)
  A revenant (Crypt:2)
  Donald (Spider:3)
  12 deep elf sorcerers
  3 frost giants
  A fire giant (Vaults:5)
  6 emperor scorpions (Spider:4)
  6 ghost moths
  2 orc warlords
  11 vault wardens
  2 curse skulls (Crypt:2)
  2 iron dragons
  A deep elf elementalist (Elf:3)
  A very ugly thing (Vaults:5)
  2 war gargoyles (Vaults:5)
  A ghoul (Crypt:1)
  15 stone giants
  3 ironheart preservers
  4 entropy weavers
  4 deep elf demonologists (Elf:3)
  3 vampire knights (Crypt:2)
  8 deep elf annihilators
  Azrael (Spider:3)
  2 spark wasps
  3 merfolk javelineers
  Snorg (D:12)
  7 ettins
  3 great orbs of eyes
  8 merfolk impalers
  5 deep elf death magi
  4 eidola
  9 jiangshi
  Josephine (D:15)
  4 ogre magi
  4 deep elf high priests
  3 fire dragons
  27 vault guards
  Fannar (D:10)
  7 hydras
  An ice dragon (D:13)
  10 yaktaur captains
  2 spriggan air magi (WizLab)
  5 death knights
  4 merfolk avatars
  An anaconda (shapeshifter) (Vaults:5)
  13 centaur warriors
  4 merfolk aquamancers
  A catoblepas (Shoals:4)
  2 satyrs (Shoals:4)
  8 death yaks
  8 two-headed ogres
  8 dancing weapons
  5 vampire magi
  A tengu warrior (D:13)
  An alligator snapping turtle (Shoals:4)
  An orc high priest (Orc:2)
  A soul eater (Crypt:1)
  Sonja (Lair:4)
  A titan skeleton (Crypt:2)
  8 deep elf knights
  A shadow wraith (Vaults:2)
  An iron troll (Crypt:2)
  7 skeletal warriors
  4 deep trolls
  A deep troll (shapeshifter) (Vaults:4)
  10 flayed ghosts
  3 unseen horrors
  6 sea snakes
  8 ironbrand convokers
  3 phantasmal warriors
  An anaconda skeleton (Crypt:2)
  A kraken simulacrum (Shoals:4)
  A lindwurm (Lair:6)
  2 wolf spider zombies
  A shadow dragon zombie (Crypt:2)
  6 wizards
  An anaconda zombie (Crypt:2)
  6 deep elf archers
  8 orb spiders
  14 orc knights
  31 wolf spiders
  2 necromancers
  2 fire giant zombies
  40 deep elf magi
  7 fauns
  12 harpies
  A frost giant zombie (Crypt:2)
  9 ugly things
  6 cyclopes
  17 manticores
  A shining eye (shapeshifter) (Vaults:4)
  A mana viper (shapeshifter) (Vaults:4)
  5 orc sorcerers
  A moth of wrath (shapeshifter) (D:15)
  A moth of wrath (Spider:2)
  5 elephants
  A fire giant skeleton (Crypt:2)
  11 vault sentinels
  A salamander (shapeshifter) (Vaults:3)
  2 dire elephant zombies
  9 merfolk sirens
  Joseph (Lair:1)
  Maurice (Orc:2)
  3 black mambas (Lair:6)
  A frost giant skeleton (Crypt:2)
  3 gargoyles
  6 centaur skeletons
  5 molten gargoyles
  Psyche (D:10)
  2 torpor snails (shapeshifter)
  4 water nymphs
  6 spiny frogs
  A catoblepas zombie (Crypt:2)
  A grey draconian zombie (Crypt:1)
  A dire elephant skeleton (Crypt:2)
  2 emperor scorpion zombies (Crypt:1)
  11 komodo dragons
  2 rime drakes
  A yaktaur (shapeshifter) (Vaults:4)
  22 yaktaurs
  A red draconian skeleton (Crypt:1)
  A queen ant zombie (Crypt:2)
  7 freezing wraiths
  10 demonic crawlers
  2 tengu conjurers (D:14)
  21 merfolk
  A queen bee (D:13)
  A queen bee (shapeshifter) (D:15)
  20 jumping spiders
  6 hornets
  6 polar bears
  14 wind drakes
  A bog body (Crypt:1)
  3 hornets (shapeshifter)
  3 trolls
  A blink frog (shapeshifter) (Elf:1)
  5 blink frogs (Lair:3)
  13 slime creatures
  A fire dragon zombie (Crypt:2)
  A meliai zombie (D:13)
  5 dream sheep
  4 snapping turtles
  16 hippogriffs
  A fire dragon skeleton (Crypt:1)
  4 flying skulls (Crypt:2)
  A vampire (D:12)
  8 wraiths
  8 wyverns
  62 redbacks
  2 ettin skeletons
  35 air elementals
  24 tarantellas
  13 water elementals
  3 shadows
  A basilisk (shapeshifter) (D:14)
  17 humans (D:13)
  41 yaks
  3 fire elementals
  5 basilisks
  2 steam dragons
  A yaktaur simulacrum (Vaults:1)
  A black mamba skeleton (Crypt:2)
  A hungry ghost (D:15)
  11 insubstantial wisps (WizLab)
  4 vampire mosquitoes (D:13)
  7 wargs
  2 acid dragons
  10 water moccasins
  8 hell hounds
  A floating eye (shapeshifter) (D:13)
  37 orc warriors
  A gelid demonspawn skeleton (Crypt:1)
  A black bear (D:12)
  12 porcupines
  A hornet zombie (Crypt:2)
  9 ice beasts
  2 eyes of draining
  3 sky beasts
  19 ogres
  8 necrophages
  A phantom (D:4)
  10 wolves
  6 boggarts
  11 centaurs
  10 crocodiles
  A swamp dragon skeleton (Crypt:2)
  11 bullfrogs
  2 big kobolds
  4 wyvern zombies
  An earth elemental (Elf:3)
  3 wyvern skeletons
  A water moccasin skeleton (Crypt:2)
  2 scorpions
  A scorpion (shapeshifter) (D:14)
  A troll zombie (Crypt:1)
  19 wights
  19 killer bees
  7 electric eels
  7 crimson imps
  5 lava snakes (Lair:6)
  A bullfrog zombie (D:13)
  A quasit (D:13)
  A centaur zombie (D:8)
  8 jellies
  21 orc priests
  A hound (D:9)
  5 human zombies (Crypt:1)
  25 orc wizards
  A bullfrog skeleton (D:6)
  7 iguanas
  Jessica (D:2)
  2 human skeletons (Crypt:1)
  11 worker ants
  A demigod skeleton (Crypt:1)
  A hound zombie (D:7)
  A hound skeleton (D:7)
  4 mummies
  A worker ant zombie (Crypt:2)
  12 adders
  4 shadow imps
  An ooze (D:3)
  A halfling zombie (Crypt:2)
  An adder skeleton (Crypt:1)
  An adder zombie (D:5)
  2 worms
  3 dart slugs
  6 leopard geckos
  94 orcs
  A ball python (D:2)
  7 bats
  3 giant cockroaches
  8 goblins
  A hobgoblin (D:1)
  8 jackals
  7 quokkas
  A ball python zombie (D:6)
  A frilled lizard (D:2)
  2 frilled lizard zombies
  8 kobolds
  An orc skeleton (Crypt:1)
  An orc zombie (Crypt:1)
  7 rats
  A rat zombie (Crypt:2)
  A tentacle (Shoals:4)
1543 creatures vanquished.

Vanquished Creatures (collateral kills)
  A tentacled monstrosity (Vaults:5)
  A Cloud Mage (WizLab)
  A titan (Vaults:5)
  The ghost of pedritolo the Sharpshooter, an adept DsCK of Xom (Spider:4)
  A shadow dragon (Vaults:5)
  A merfolk javelineer (Shoals:4)
  An ettin (Vaults:5)
  A merfolk aquamancer (Shoals:4)
  A satyr (Shoals:4)
  2 sea snakes (Shoals:4)
  7 orb spiders
  2 wolf spiders
  A manticore (Shoals:4)
  A cyclops (Shoals:4)
  4 fauns (Shoals:4)
  4 elephants (Lair:4)
  A water nymph (Shoals:4)
  4 merfolk (Shoals:4)
  A jumping spider (Spider:2)
  2 redbacks (Spider:4)
  A tarantella (Spider:4)
  A scorpion (shapeshifter) (Vaults:5)
40 creatures vanquished.

Vanquished Creatures (others)
  A stone giant (Vaults:5)
  Nessos (Lair:4)
  A merfolk javelineer (Shoals:4)
  A satyr (Shoals:4)
  A cyclops (Shoals:3)
  A faun (Shoals:1)
  A yaktaur (Vaults:4)
  2 redbacks (Spider:3)
  2 centaurs
  A killer bee (D:13)
  An orc (Vaults:5)
  9 plants
  11 tentacles (Shoals:4)
  9 withered plants (Crypt:3)
42 creatures vanquished.

Grand Total: 1625 creatures vanquished

Notes
Turn   | Place    | Note
-------+----------+-------------------------------------------
     0 | D:1      | 4thArraOfDagon the Naga Berserker began the quest for the Orb.
     0 | D:1      | Reached XP level 1. HP: 21/21 MP: 1/1
   202 | D:1      | Reached XP level 2. HP: 10/28 MP: 2/2
   442 | D:1      | Reached XP level 3. HP: 24/34 MP: 3/3
   555 | D:2      | Noticed Jessica
   564 | D:2      | Killed Jessica
   564 | D:2      | Reached ** piety under Trog
   564 | D:2      | Reached XP level 4. HP: 34/42 MP: 4/4
   721 | D:4      | Noticed Yehuk's ghost (novice HaAs)
  1068 | D:3      | Reached XP level 5. HP: 49/49 MP: 5/5
  1189 | D:4      | Noticed a phantom
  1199 | D:4      | Killed a phantom
  1199 | D:4      | Reached XP level 6. HP: 56/57 MP: 6/6
  1232 | D:5      | Entered Level 5 of the Dungeon
  1252 | D:5      | Reached skill level 5 in Axes
  1279 | D:4      | Got a twisted scythe
  1286 | D:4      | Identified the +8 scythe of Integrity {flame, rF+ Str+2} (You found it on level 4 of the Dungeon)
  1335 | D:5      | Found an iron altar of Okawaru.
  1409 | D:6      | Reached skill level 1 in Polearms
  1429 | D:6      | Reached XP level 7. HP: 64/64 MP: 7/7
  1442 | D:6      | Found a shimmering altar of Xom.
  1444 | D:6      | Found a burning altar of Makhleb.
  1446 | D:6      | Found a shadowy altar of Dithmenos.
  1446 | D:6      | Found a glowing golden altar of the Shining One.
  1446 | D:6      | Found a hide-covered altar of Uskayaw.
  1446 | D:6      | Found a bloodstained altar of Trog.
  1449 | D:6      | Found a stormy altar of Qazlal.
  1461 | D:6      | Reached *** piety under Trog
  1659 | D:7      | Noticed a hippogriff
  1667 | D:7      | Killed a hippogriff
  1685 | D:7      | Reached XP level 8. HP: 37/73 MP: 8/8
  1825 | D:7      | Reached skill level 5 in Fighting
  1831 | D:7      | Found a staircase to the Ecumenical Temple.
  2194 | D:8      | 4thArraOfDagon: hi
  2214 | D:8      | Reached skill level 5 in Polearms
  2316 | D:8      | Noticed a hippogriff
  2319 | D:8      | Killed a hippogriff
  2330 | D:9      | kuniqs: hi
  2337 | D:8      | Reached XP level 9. HP: 81/81 MP: 9/9
  2596 | D:10     | Entered Level 10 of the Dungeon
  2647 | D:10     | Noticed Psyche
  2651 | D:10     | Killed Psyche
  2674 | D:10     | Reached skill level 5 in Armour
  2678 | D:10     | Reached skill level 5 in Dodging
  2681 | D:10     | Reached **** piety under Trog
  2744 | D:11     | Gained mutation: You can exhale a cloud of poison. [mutagenic meat]
  2869 | D:11     | Found a gateway to a bazaar.
  2874 | Bazaar   | Entered a bazaar
  2874 | Bazaar   | Found Jallat's Antique Armour Emporium.
  2874 | Bazaar   | Found Faref's Gadget Emporium.
  2881 | Bazaar   | Bought a pair of embroidered gloves for 195 gold pieces
  2884 | Bazaar   | Found Qurr's General Store.
  2892 | Bazaar   | Bought a scroll of teleportation for 45 gold pieces
  2895 | Bazaar   | Found Imyrie's Magic Scroll Shoppe.
  2910 | Bazaar   | Found Yfoeqymadu's Antique Weapon Boutique.
  2939 | D:11     | Found Ezae's Assorted Antiques.
  2951 | D:11     | Noticed a cyclops
  2956 | D:11     | Killed a cyclops
  2956 | D:11     | Reached XP level 10. HP: 88/88 MP: 10/10
  3071 | D:11     | Bought a bubbling emerald potion for 20 gold pieces
  3240 | D:11     | Noticed a cyclops
  3250 | D:11     | Killed a cyclops
  3250 | D:11     | Reached skill level 10 in Polearms
  3292 | D:11     | Got a dazzling quarterstaff
  3356 | D:11     | You fall through a shaft!
  3414 | D:12     | Noticed a gargoyle
  3421 | D:12     | Killed a gargoyle
  3421 | D:12     | Reached XP level 11. HP: 94/94 MP: 11/11
  3422 | D:12     | Noticed Snorg
  3435 | D:12     | Killed Snorg
  3646 | D:13     | Noticed a wizard
  3646 | D:13     | Noticed a purple ugly thing
  3646 | D:13     | Noticed an ice dragon
  3646 | D:13     | Noticed a brown ugly thing
  3646 | D:13     | Noticed a fire dragon
  3646 | D:13     | Noticed a death knight
  3647 | D:13     | Noticed an unseen horror
  3647 | D:13     | Noticed a green ugly thing
  3652 | D:13     | Noticed a white ugly thing
  3653 | D:13     | Noticed a manticore
  3693 | D:13     | Found Rucurir's Distillery.
  3696 | D:13     | Bought 2 potions of lignification for 102 gold pieces
  3745 | D:13     | Noticed a two-headed ogre
  3757 | D:13     | Killed a two-headed ogre
  3758 | D:13     | Paralysed by a floating eye for 2 turns
  3767 | D:13     | Gained mutation: You are dopey. (Int -2) [mutagenic meat]
  3836 | D:13     | Killed a brown ugly thing
  3854 | D:13     | Killed a red ugly thing
  3857 | D:13     | Killed a red ugly thing
  3888 | D:13     | Gained mutation: You do not regenerate when monsters are visible. [mutagenic meat]
  3890 | D:13     | Gained mutation: You are clumsy. (Dex -2) [mutagenic meat]
  3911 | D:13     | Killed an unseen horror
  3933 | D:13     | Killed a fire dragon
  3972 | D:13     | Reached XP level 12. HP: 47/103 MP: 12/12
  3990 | D:13     | Noticed a six-headed hydra
  4043 | D:13     | Dingo: hey
  4044 | D:13     | Killed an ice dragon
  4065 | D:13     | Dingo: why your naga look like it has been chewed ?
  4125 | D:13     | Noticed a tengu warrior
  4135 | D:13     | Killed a tengu warrior
  4148 | D:13     | Lost mutation: You do not regenerate when monsters are visible. [potion of mutation]
  4148 | D:13     | Lost mutation: You are dopey. (Int -2) [potion of mutation]
  4148 | D:13     | Lost mutation: You are clumsy. (Dex -2) [potion of mutation]
  4148 | D:13     | Gained mutation: You expend magic power (3 MP) to strengthen your wands. [potion of mutation]
  4148 | D:13     | Gained mutation: You are partially covered in rugged brown scales. (AC +1, +3% HP) [potion of mutation]
  4148 | D:13     | Gained mutation: You are agile. (Dex +2) [potion of mutation]
  4148 | D:13     | Gained mutation: Your muscles are strong. (Str +2) [potion of mutation]
  4149 | D:13     | Lost mutation: You can exhale a cloud of poison. [potion of mutation]
  4149 | D:13     | Lost mutation: You expend magic power (3 MP) to strengthen your wands. [potion of mutation]
  4149 | D:13     | Gained mutation: Your magical capacity is low. (-10% MP) [potion of mutation]
  4149 | D:13     | Gained mutation: Your mind is acute. (Int +2) [potion of mutation]
  4258 | D:13     | Killed a death knight
  4302 | D:12     | Noticed a two-headed ogre
  4307 | D:12     | Killed a two-headed ogre
  4327 | D:12     | Found a staircase to the Orcish Mines.
  4386 | D:13     | Killed a one-headed hydra
  4386 | D:13     | Reached skill level 1 in Maces & Flails
  4410 | D:13     | Noticed a vault guard
  4419 | D:13     | Killed a vault guard
  4419 | D:13     | Reached skill level 2 in Maces & Flails
  4426 | D:13     | Found a portal to a secret trove of treasure.
  4459 | D:14     | Noticed a two-headed ogre
  4467 | D:14     | Killed a two-headed ogre
  4467 | D:14     | Reached skill level 3 in Maces & Flails
  4496 | D:15     | Entered Level 15 of the Dungeon
  4549 | D:15     | Reached skill level 4 in Maces & Flails
  4662 | D:14     | Gained mutation: You can use your snake-like lower body to constrict enemies. [Naga growth]
  4662 | D:14     | Reached XP level 13. HP: 93/114 MP: 11/11
  4691 | D:14     | Noticed Frances
  4702 | D:14     | Killed Frances
  4702 | D:14     | Reached skill level 5 in Maces & Flails
  4757 | D:14     | Found a shadowy altar of Dithmenos.
  4990 | D:14     | Reached skill level 6 in Maces & Flails
  5219 | D:13     | Noticed a vault guard
  5223 | D:13     | Reached skill level 7 in Maces & Flails
  5224 | D:13     | Reached skill level 10 in Armour
  5231 | D:13     | Killed a vault guard
  5241 | D:13     | Noticed a vault guard
  5248 | D:13     | Killed a vault guard
  5254 | D:13     | Reached skill level 8 in Maces & Flails
  5277 | D:13     | Found a gate to the Vaults.
  5645 | Orc:1    | Entered Level 1 of the Orcish Mines
  5767 | Orc:1    | Found Wuukk's Food Shop.
  5876 | Orc:2    | Entered Level 2 of the Orcish Mines
  5905 | Orc:2    | Found a staircase to the Elven Halls.
  5997 | Orc:2    | Found a roughly hewn altar of Beogh.
  6009 | Orc:2    | Found Ikyr's Jewellery Emporium.
  6034 | Orc:2    | Reached ***** piety under Trog
  6054 | Orc:2    | Found a roughly hewn altar of Beogh.
  6054 | Orc:2    | Found Viteif's Food Shoppe.
  6068 | Orc:2    | Reached skill level 9 in Maces & Flails
  6140 | Orc:1    | Noticed Erolcha
  6140 | Orc:1    | Noticed an orc warlord
  6220 | Orc:2    | Found a roughly hewn altar of Beogh.
  6223 | Orc:2    | Reached XP level 14. HP: 117/129 MP: 12/12
  6353 | Orc:2    | Found a roughly hewn altar of Beogh.
  6494 | Orc:2    | Noticed an orc warlord
  6511 | Orc:2    | Killed an orc warlord
  6564 | Orc:2    | Found Orghevupt's Antique Weapon Boutique.
  6566 | Orc:2    | Found a roughly hewn altar of Beogh.
  6569 | Orc:2    | Found Mipab's Antique Armour Shop.
  6580 | Orc:2    | Bought a transparent shield for 361 gold pieces
  6592 | Orc:2    | Identified the +5 shield of Imon Gao {rPois Str+4} (You bought it in a shop on level 2 of the Orcish Mines)
  6662 | Orc:2    | Noticed Maurice
  6671 | Orc:2    | Killed Maurice
  6671 | Orc:2    | Reached skill level 10 in Maces & Flails
  6759 | Elf:1    | Entered Level 1 of the Elven Halls
  6781 | Elf:1    | Reached skill level 1 in Shields
  6791 | Elf:1    | Found a radiant altar of Vehumet.
  6880 | Elf:1    | Received a gift from Trog
  7153 | Elf:2    | Turgon: So Sapher just lost his VSFi in V:5 after 6 k turns
  7155 | Elf:2    | Found a runed gate.
  7155 | Elf:2    | Found a runed gate.
  7158 | Elf:2    | Found a runed gate.
  7188 | Elf:2    | Reached skill level 11 in Maces & Flails
  7222 | Elf:3    | Entered Level 3 of the Elven Halls
  7290 | Elf:3    | Reached XP level 15. HP: 141/142 MP: 13/13
  7319 | Elf:3    | 4thArraOfDagon: with this new god>
  7319 | Elf:3    | 4thArraOfDagon: ?
  7351 | Elf:3    | Noticed a deep elf sorcerer
  7370 | Elf:3    | Killed a deep elf sorcerer
  7371 | Elf:3    | Reached skill level 5 in Shields
  7384 | Elf:3    | Turgon: I nearly know anything about Wu Jian
  7421 | Elf:3    | Noticed a Hell Sentinel
  7436 | Elf:3    | Noticed a deep elf sorcerer
  7437 | Elf:3    | Noticed a deep elf sorcerer
  7438 | Elf:3    | Noticed a deep elf blademaster
  7449 | Elf:3    | Killed a deep elf sorcerer
  7456 | Elf:3    | Noticed a deep elf master archer
  7459 | Elf:3    | Killed a deep elf master archer
  7461 | Elf:3    | Reached skill level 10 in Fighting
  7471 | Elf:3    | Killed a deep elf blademaster
  7476 | Elf:3    | Killed a deep elf sorcerer
  7480 | Elf:3    | Noticed a deep elf sorcerer
  7482 | Elf:3    | Killed a deep elf sorcerer
  7491 | Elf:3    | Reached skill level 12 in Maces & Flails
  7500 | Elf:3    | Turgon: Did you get the weapon from your boss?
  7501 | Elf:3    | Noticed a deep elf blademaster
  7505 | Elf:3    | Killed a deep elf blademaster
  7513 | Elf:3    | Noticed a deep elf sorcerer
  7516 | Elf:3    | Killed a deep elf sorcerer
  7521 | Elf:3    | Noticed a deep elf sorcerer
  7525 | Elf:3    | Killed a deep elf sorcerer
  7530 | Elf:3    | Noticed a deep elf sorcerer
  7534 | Elf:3    | Killed a deep elf sorcerer
  7538 | Elf:3    | Noticed a deep elf sorcerer
  7544 | Elf:3    | Killed a deep elf sorcerer
  7544 | Elf:3    | Reached ****** piety under Trog
  7544 | Elf:3    | Received a gift from Trog
  7558 | Elf:3    | Noticed a deep elf sorcerer
  7563 | Elf:3    | Killed a deep elf sorcerer
  7578 | Elf:3    | Noticed a deep elf elementalist
  7579 | Elf:3    | Killed a deep elf elementalist
  7580 | Elf:3    | Reached XP level 16. HP: 61/151 MP: 14/14
  7621 | Elf:3    | 4thArraOfDagon: naa
  7621 | Elf:3    | 4thArraOfDagon: got it from dungeon
  7624 | Elf:3    | Turgon: ok
  7637 | Elf:3    | Noticed a deep elf master archer
  7644 | Elf:3    | Killed a deep elf master archer
  7743 | Elf:3    | Reached skill level 13 in Maces & Flails
  7794 | Elf:3    | Identified the Handbook of Toxins and Displacement
  7856 | Elf:3    | Identified the cursed +0 pearl dragon scales of Card Tricks {rN+ Stlth+} (You found it on level 3 of the Elven Halls)
  7864 | Elf:3    | Identified the cursed +1 chain mail of the Nexus {rC+ MR- Dex+6 SInv} (You found it on level 3 of the Elven Halls)
  7881 | Elf:3    | Turgon: Pearl DS might be good - even with only +0
  8076 | Elf:1    | Received a gift from Trog
  8164 | Orc:2    | Bought a transparent scarf for 380 gold pieces
  8164 | Orc:2    | Identified the scarf "Ezxeo" {rF+ rCorr} (You bought it in a shop on level 2 of the Orcish Mines)
  8274 | D:13     | Bought a potion of curing for 51 gold pieces
  8274 | D:13     | Bought a potion of magic for 136 gold pieces
  8274 | D:13     | Bought a potion of cancellation for 136 gold pieces
  8274 | D:13     | Bought a potion of might for 68 gold pieces
  8274 | D:13     | Bought a potion of cancellation for 136 gold pieces
  8274 | D:13     | Bought a potion of curing for 51 gold pieces
  8274 | D:13     | Bought a potion of curing for 51 gold pieces
  8495 | D:10     | Noticed Fannar
  8502 | D:10     | Killed Fannar
  8841 | D:9      | Found a staircase to the Lair.
  8852 | Lair:1   | Entered Level 1 of the Lair of Beasts
  8983 | Lair:4   | Noticed Sonja
  8992 | Lair:4   | Received a gift from Trog
  8997 | Lair:4   | Killed Sonja
  9013 | Lair:4   | Noticed Nessos
  9016 | Lair:4   | Killed Nessos
  9055 | Lair:6   | Entered Level 6 of the Lair of Beasts
  9055 | Lair:6   | Found a viscous altar of Jiyva.
  9055 | Lair:6   | Found a staircase to the Slime Pits.
  9407 | Lair:6   | Found a large runed door.
  9459 | Lair:6   | Found a large runed door.
  9726 | Lair:5   | Reached skill level 14 in Maces & Flails
  9735 | Lair:5   | Reached XP level 17. HP: 145/161 MP: 15/15
  9873 | Lair:4   | Noticed Rupert
  9880 | Lair:4   | Killed Rupert
 10151 | Lair:2   | Received a gift from Trog
 10308 | Lair:2   | Found a hole to the Spider Nest.
 10316 | Spider:1 | Entered Level 1 of the Spider Nest
 10761 | Spider:3 | Noticed Arachne
 10783 | Spider:3 | Killed Arachne
 10783 | Spider:3 | Reached skill level 10 in Shields
 10923 | Spider:3 | Noticed Donald
 10934 | Spider:3 | Killed Donald
 10938 | Spider:3 | Turgon: You killed donald?
 10938 | Spider:3 | 4thArraOfDagon: do you mind? :p
 10938 | Spider:3 | Turgon: Who's gonna be US president now?
 10938 | Spider:3 | 4thArraOfDagon: ahh
 10938 | Spider:3 | 4thArraOfDagon: well I went after Hillary
 10938 | Spider:3 | Turgon: :-)
 10986 | Spider:3 | Noticed Azrael
 11001 | Spider:3 | Received a gift from Trog
 11006 | Spider:3 | Killed Azrael
 11006 | Spider:3 | Reached skill level 15 in Maces & Flails
 11110 | Spider:3 | Noticed Jorgrun
 11167 | Spider:3 | Killed Jorgrun
 11203 | Spider:4 | Entered Level 4 of the Spider Nest
 11347 | Spider:4 | Noticed pedritolo's ghost (adept DsCK)
 11372 | Spider:4 | Killed pedritolo's ghost
 11399 | Spider:4 | Reached XP level 18. HP: 165/173 MP: 16/16
 11401 | Spider:4 | Turgon: Ghosts and other serious problems are so easy when you have brothers
 11845 | Spider:4 | Received a gift from Trog
 12086 | Spider:4 | Got a gossamer rune of Zot
 12483 | Lair:3   | Found a staircase to the Shoals.
 12488 | Shoals:1 | Entered Level 1 of the Shoals
 12558 | Shoals:2 | Noticed Roxanne
 12601 | Shoals:2 | Killed Roxanne
 12609 | Shoals:2 | Reached skill level 16 in Maces & Flails
 12688 | Shoals:3 | Turgon: ?? burn books
 12690 | Shoals:3 | beem: burn books[1/3]: Trog invocation that gives piety (2) and creates a cloud of flame. Each book in LOS extends the duration of the clouds. Won't burn manuals.
 12724 | Shoals:4 | Entered Level 4 of the Shoals
 12749 | Shoals:4 | Turgon: ?? Trog
 12751 | Shoals:4 | beem: trog[1/9]: God of anger and violence. Expects followers to kill constantly in his name; hates magic and all who practice it.
 12797 | Shoals:4 | Noticed Polyphemus
 12816 | Shoals:4 | Killed Polyphemus
 12841 | Shoals:4 | Got an ancient amber ring
 12843 | Shoals:4 | Identified the ring of the Ageless Shrikes {rN+ MR- Str+4 Dex+4} (You found it on level 4 of the Shoals)
 12896 | Shoals:4 | Turgon: Mhmm, ring with MR- in shoals?
 12943 | Shoals:4 | Noticed Mara
 12945 | Shoals:4 | Noticed 4thArraOfDagon's illusion
 13150 | Shoals:4 | Reached XP level 19. HP: 177/182 MP: 17/17
 13194 | Shoals:4 | Killed Mara
 13238 | Shoals:4 | Noticed Ilsuiw
 13295 | Shoals:4 | Killed Ilsuiw
 13485 | Shoals:4 | Got a barnacled rune of Zot
 13716 | Shoals:2 | Received a gift from Trog
 13820 | Shoals:1 | Found Kigoh's Assorted Antiques.
 13828 | Shoals:1 | Bought an ancient buckler for 209 gold pieces
 13828 | Shoals:1 | Bought a scroll of identify for 44 gold pieces
 13828 | Shoals:1 | Identified the +1 buckler "Earthly Heaven" {rElec Str+2 Slay+3} (You bought it in a shop on level 1 of the Shoals)
 14292 | D:13     | Reached skill level 17 in Maces & Flails
 14302 | Vaults:1 | Entered Level 1 of the Vaults
 14513 | Vaults:2 | Found a magical portal.
 14518 | WizLab   | Entered The Chambers of the Cloud Mage
 14612 | WizLab   | Received a gift from Trog
 14807 | WizLab   | Reached XP level 20. HP: 179/193 MP: 18/18
 14830 | WizLab   | Received a gift from Trog
 14842 | WizLab   | Noticed Kaetuopa
 14848 | WizLab   | Killed Kaetuopa the Cloud Mage
 14888 | WizLab   | Identified the Collected Works on Feathers
 15294 | Vaults:2 | Received a gift from Trog
 15715 | Vaults:5 | Entered Level 5 of the Vaults
 15797 | Vaults:4 | Received a gift from Trog
 16020 | Vaults:4 | Reached skill level 18 in Maces & Flails
 16352 | Vaults:5 | Identified the +4 plate armour of Quiseir {+Blink rElec Int+3} (You found it on level 5 of the Vaults)
 16380 | Vaults:5 | Reached XP level 21. HP: 65/201 MP: 18/18
 16646 | Vaults:4 | Noticed Bai Suzhen
 16661 | Vaults:4 | Killed Bai Suzhen
 16780 | Vaults:4 | Found Feonofod's Magic Scroll Shoppe.
 16822 | Vaults:4 | Bought a scroll of teleportation for 48 gold pieces
 16822 | Vaults:4 | Bought a scroll of teleportation for 48 gold pieces
 16822 | Vaults:4 | Bought a scroll of identify for 32 gold pieces
 17056 | Vaults:3 | Found a staircase to the Crypt.
 17071 | Vaults:3 | Found Caaciale's Antique Armour Emporium.
 17104 | Vaults:3 | Bought a warped cloak for 342 gold pieces
 17119 | Vaults:3 | Identified the +1 cloak "Dokou" {rN+ MR+ rCorr Dex-2} (You bought it in a shop on level 3 of the Vaults)
 17357 | Vaults:4 | Reached skill level 10 in Dodging
 17687 | Vaults:5 | Noticed a caustic shrike
 17687 | Vaults:5 | an iron giant changed into a caustic shrike
 17696 | Vaults:5 | Killed a caustic shrike
 17879 | Vaults:5 | Reached skill level 19 in Maces & Flails
 17891 | Vaults:5 | Reached XP level 22. HP: 116/213 MP: 19/19
 18021 | Vaults:5 | Got a silver rune of Zot
 18523 | Vaults:5 | Reached skill level 15 in Shields
 18679 | Crypt:1  | Entered Level 1 of the Crypt
 18758 | Crypt:1  | Found an ancient bone altar of Kikubaaqudgha.
 19183 | Temple   | Entered the Ecumenical Temple
 19226 | Temple   | Fell from the grace of Trog
 19226 | Temple   | Became a worshipper of Cheibriados the Contemplative
 19607 | Crypt:1  | Reached skill level 15 in Fighting
 19610 | Crypt:1  | Reached skill level 1 in Invocations
 19625 | Crypt:1  | Learned a level 2 spell: Blink
 19630 | Crypt:1  | Learned a level 4 spell: Passage of Golubria
 19637 | Crypt:1  | Learned a level 6 spell: Statue Form
 19714 | Crypt:1  | Reached * piety under Cheibriados
 20007 | Crypt:2  | Reached ** piety under Cheibriados
 20068 | Crypt:2  | Reached *** piety under Cheibriados
 20288 | Crypt:2  | Noticed Sojobo
 20293 | Crypt:2  | Killed Sojobo
 20364 | Crypt:2  | Noticed Khufu
 20377 | Crypt:2  | Killed Khufu
 20377 | Crypt:2  | Reached **** piety under Cheibriados
 20377 | Crypt:2  | Reached skill level 5 in Invocations
 20377 | Crypt:2  | Reached XP level 23. HP: 124/223 MP: 22/24
 20467 | Crypt:2  | Reached skill level 15 in Armour
 20545 | Crypt:3  | Entered Level 3 of the Crypt
 20555 | Crypt:3  | Noticed Nico3ck's ghost (legendary FoFi)
 20767 | Crypt:1  | Reached skill level 1 in Earth Magic
 20773 | Crypt:1  | Reached ***** piety under Cheibriados
 21006 | D:13     | Identified the +1 robe "Qoaruor" {+Fly rN++ Regen+ Int-3} (You found it on level 13 of the Dungeon)
 21282 | Spider:2 | Identified the +0 robe of the Thirsty Eyes {rPois} (You found it on level 2 of the Spider Nest)
 21493 | Spider:3 | Reached skill level 1 in Translocations
 21661 | Lair:1   | Noticed Joseph
 21666 | Lair:1   | Killed Joseph
 21713 | Lair:1   | Reached skill level 1 in Transmutations
 22070 | Lair:3   | You fall through a shaft for 3 floors!
 22471 | D:15     | Reached skill level 1 in Spellcasting
 22518 | D:15     | Noticed Josephine
 22524 | D:15     | Killed Josephine
 22634 | D:15     | Found a staircase to the Depths.
 22654 | Depths:1 | Entered Level 1 of the Depths
 22686 | Depths:1 | Slain by an ettin

Vault maps used:
D:1:      dpeg_arrival_circle_labyrinth_c, minmay_pentomino_w2
D:2:      lemuel_blue_sif_altar, st_stairs_8, uniq_jessica
D:5:      first_bread, okawaru_trees_1
D:6:      minmay_cornered_nines, grunt_temple_overflow_open, serial_shops, shop,
          uniq_prince_ribbit1
D:7:      temple_fountains
D:8:      marbit_many_paths
D:9:      minmay_lair_entry_grove, minmay_diamond_spiral
D:10:     uniq_fannar, uniq_psyche, uniq_urug
D:11:     serial_shops, bzr_entry_road, shop
D:12:     minmay_orc_entry_guard_dogs, uniq_snorg
D:13:     minmay_ambush_box, grunt_vaults_entry_tiered, enter_trove_5,
          serial_shops, kennysheep_mini, portal_ice_cave_entry_ice_beasts,
          david_nohive_1, lemuel_nasty_fountain
D:14:     dk_noncrumbling_2, grunt_dithmenos_smoke_and_mirrors, uniq_frances
D:15:     gammafunk_enter_depths_forms, serial_bayou_pond_e, uniq_louise,
          uniq_josephine
Temple:   dshaligram_water_room_temple
Lair:1:   uniq_joseph
Lair:2:   spider_nest_entry_rubble, serial_bayou_shore_b
Lair:3:   elwin_shoals_entry_rooms, minmay_holes, serial_bayou_shore_b
Lair:4:   beast_lair_carwin_7, uniq_sonja, uniq_rupert, uniq_nessos
Lair:5:   lemuel_slime, hangedman_lair_unloving_vines
Lair:6:   cheibrodos_lair_end_hotspot, slime_altar_1,
          infiniplex_staircase_pool_2
Shoals:1: serial_shops, shop, nicolae_shoals_arrival_archipelago
Shoals:2: uniq_roxanne
Shoals:3: nicolae_shoals_circle_sea_wall
Shoals:4: shoals_end_grunt_ice, shoals_ilsuiw_alternative, uniq_polyphemus,
          uniq_mara
Spider:1: hangedman_spider_mandibles, nicolae_spider_nook
Spider:3: spider_trap, guppyfry_spider_mini_3, uniq_azrael, uniq_jorgrun,
          uniq_donald, uniq_arachne
Spider:4: grunt_spider_rune_circles
Orc:1:    serial_shops, shop_fountains, uniq_erolcha
Orc:2:    grunt_orc_community_town_hall, grunt_orc_community_big_house_1,
          grunt_orc_community_big_house_2, grunt_orc_community_house_2,
          grunt_orc_community_house_1, grunt_orc_community_house_1,
          grunt_orc_community_house_1, grunt_orc_community_house_1,
          grunt_orc_community_house_1, uniq_maurice
Elf:1:    eino_elf_arrival_altar, minmay_elf_demonology
Elf:2:    spider_trap
Elf:3:    minmay_elf_hall_x, minmay_misc_feat_alley
Vaults:1: ontoclasm_vaults_hangar, v_rooms_3, v_misc_22,
          nicolae_vaults_shelves_hall, v_misc_12,
          nicolae_vaults_little_squares_6, v_misc_5, st_lattice,
          nicolae_vaults_network_s, v_pattern_3, nicolae_vaults_border_crossing,
          nicolae_vaults_angled_halls
Vaults:2: nicolae_vaults_network_quincunx, hangedman_vaults_nails,
          grunt_vaults_funnel, v_misc_4, v_misc_11, v_alt_pattern_4,
          ontoclasm_vaults_decontamination, nicolae_vaults_circle_grid_b,
          v_misc_32, vaults_room_fancy_cross, vaults_mumra_bighexcomb,
          v_misc_19, vaults_dpeg_diagonal, nicolae_vaults_back_hallway,
          infiniplex_enter_wizlab_spiral
Vaults:3: vaults_dpeg_ring, hangedman_vaults_trim,
          vaults_room_grunt_arrival_ludios, blue_anna_dwarven_crypt,
          hangedman_vaults_stream, vaults_room_mumra_shop_pool,
          dpeg_vaults_monster_box, grunt_tower_of_power,
          hangedman_vaults_slither, v_misc_13, v_alt_pattern_1,
          hangedman_vaults_stitches, grunt_vaults_focal, v_misc_22,
          nicolae_vaults_rhombus_5
Vaults:4: nicolae_vaults_windows_and_doors_thing,
          vaults_mumra_minichess_inversion, vaults_room_pool,
          ontoclasm_vaults_pinch, nicolae_vaults_yaktaur_gun_rack, serial_shops,
          nicolae_shop_trees, uniq_bai_suzhen
Vaults:5: serial_shops
Crypt:1:  serial_sigils_hangedman_stare, minmay_misc_feat_cross,
          lemuel_mausoleum_altar_kikubaaqudgha, uniq_frederick
Crypt:2:  hangedman_screamer, uniq_khufu, uniq_sojobo
Crypt:3:  evilmike_haunted_forest
Depths:1: serial_shops, shop, hangedman_glass_teeth, pf_hell_entry_tar_spiral,
          lemuel_statue_altar, uniq_nikola
Bazaar:   bazaar_lake
WizLab:   wizlab_cloud

Skill      XL: |  1  2  3  4  5  6  7  8  9 10 11 12 13 14 15 16 17 18 19 20 21 22 23 |
---------------+----------------------------------------------------------------------+-----
Axes           | 4 5 |  5.0
Armour         | 2 3 4 5 6 8 9 10 11 12 13 14 15 | 15.0
Dodging        | 2 3 4 5 6 7 8 9 10 11 | 11.0
Fighting       | 4 5 6 8 9 10 11 12 13 14 15 | 15.4
Polearms       | 1 3 6 8 10 12 13 | 13.7
Maces & Flails | 4 9 11 12 14 15 16 17 18 19 | 19.8
Shields        | 4 7 9 10 12 13 14 15 | 15.0
Invocations    | 5 7 |  7.0
Earth Magic    | 3 |  3.0
Translocations | 2 |  2.0
Transmutations | 1 |  1.7
Spellcasting   | 1 |  1.5

Action                   |  1- 3 |  4- 6 |  7- 9 | 10-12 | 13-15 | 16-18 | 19-21 | 22-24 || total
-------------------------+-------+-------+-------+-------+-------+-------+-------+-------++-------
Melee: Hand axe          |    57 |    70 |       |       |       |       |       |       ||   127
       War axe           |       |    24 |       |       |       |       |       |       ||    24
       Scythe            |       |     8 |   172 |   319 |       |       |       |       ||   499
       Morningstar       |       |       |       |    64 |   548 |  1044 |  1116 |   686 ||  3458
       Constrict         |       |       |       |       |   123 |   213 |   183 |    94 ||   613
Invok: Berserk           |     2 |     5 |     9 |    16 |    12 |     1 |     6 |       ||    51
       Trog's Hand       |       |       |     5 |    25 |    17 |    26 |    54 |     8 ||   135
       Brothers in Arms  |       |       |       |     1 |       |     7 |     5 |       ||    13
       Burn Spellbooks   |       |       |       |       |     2 |     1 |     1 |       ||     4
       Temporal Distorti |       |       |       |       |       |       |       |     2 ||     2
 Abil: Spit Poison       |     8 |     3 |       |       |       |       |       |       ||    11
Evoke: Wand              |       |       |       |       |     5 |     9 |     2 |     2 ||    18
       Phial of floods   |       |       |       |       |       |     1 |       |     1 ||     2
  Use: Scroll            |       |       |     2 |    14 |     8 |    19 |    15 |    11 ||    69
       Potion            |       |       |       |     6 |     2 |     7 |     2 |     7 ||    24
 Stab: Distracted        |       |       |       |       |     1 |     1 |       |       ||     2
  Eat: Chunk             |     1 |     6 |    17 |    25 |    24 |    12 |    23 |       ||   108
       Fruit             |       |       |       |     2 |       |     5 |     4 |     5 ||    16
       Royal jelly       |       |       |       |     4 |     2 |       |     6 |       ||    12
       Meat ration       |       |       |       |       |       |     3 |     2 |     4 ||     9
Armor: Scale mail        |    12 |       |       |       |       |       |       |       ||    12
       Chain mail        |    41 |    80 |   107 |   258 |       |       |       |       ||   486
       Skin              |       |       |       |    34 |       |       |       |       ||    34
       Ice dragon scales |       |       |       |   101 |   271 |     5 |       |       ||   377
       Pearl dragon scal |       |       |       |       |       |   464 |   636 |   240 ||  1340
       Robe              |       |       |       |       |       |       |       |    25 ||    25
Dodge: Dodged            |    26 |    34 |    70 |   221 |   173 |   291 |   490 |   317 ||  1622
Block: Shield            |       |       |       |       |   117 |  1005 |   336 |       ||  1458
       Reflection        |       |       |       |       |       |    35 |    87 |       ||   122
       Buckler           |       |       |       |       |       |       |   463 |   299 ||   762
